 Dungeon Crawl Stone Soup version 0.25-a0-479-g8579842fd4 (webtiles) character file.

Game seed: 18310428390764886702, levelgen mode: deterministic

93597 Esekla the Eclecticist (level 15, -14/76 HPs)
             Began as a Deep Elf Wizard on Feb 8, 2020.
             Was a High Priest of Ashenzari.
             Demolished by an orc knight
             ... wielding a +0 great mace
              (44 damage)
             ... on level 2 of the Orcish Mines on Feb 9, 2020.
             The game lasted 05:42:21 (30381 turns).

Esekla the Eclecticist (Deep Elf Wizard)           Turns: 30381, Time: 05:42:22

Health: -14/76     AC: 29    Str: 14    XL:     15   Next: 61%
Magic:  38/43      EV: 19    Int: 27    God:    Ashenzari [*****.]
Gold:   1263       SH:  6    Dex: 13    Spells: 6/52 levels left

rFire    . . .     SeeInvis +   f - +4 falchion (flame)
rCold    + + .     Gourm    .   Y - +2 buckler
rNeg     . . .     Faith    .   a - +3 troll leather armour
rPois    +         Spirit   .   O - +1 helmet of Agoraphobia {rC++ Str+7 Slay+4 Stlth-} (curse)
rElec    .         Reflect  .   I - +2 cloak (curse)
rCorr    .         Harm     .   w - +2 pair of gloves (curse)
MR       +....     Clarity  +   H - +0 pair of boots
Stlth    +++.......             P - amulet of magic regeneration (curse)
HPRegen  0.62/turn              A - ring of poison resistance
MPRegen  0.53/turn              S - +4 ring of protection

@: icy armour
A: iridescent scales 1, high mp 1
a: Curse Item, Scrying, Transfer Knowledge, Renounce Religion


You were on level 2 of the Orcish Mines.
You worshipped Ashenzari.
Ashenzari was extremely pleased with you.
You were not hungry.

You visited 5 branches of the dungeon, and saw 22 of its levels.
You also visited: Ice Cave.

You collected 2661 gold pieces.
You spent 1398 gold pieces at shops.

Inventory:

Hand Weapons
 f - a +4 falchion of flaming (weapon)
 p - a +1 vampiric long sword
 v - a +7 dagger of venom
 x - a +5 great sword of protection
 X - a +0 falchion of holy wrath
Missiles
 y - 112 poisoned darts (quivered)
 z - 16 javelins
 E - 21 boomerangs
Armour
 a - a +3 troll leather armour (worn)
 h - a +1 leather armour of fire resistance
 w - a cursed +2 pair of gloves (worn)
 H - a +0 pair of boots (worn)
 I - a cursed +2 cloak (worn)
 N - +1 steam dragon scales
 O - the cursed +1 helmet of Agoraphobia (worn) {rC++ Str+7 Slay+4 Stlth-}
   (You found it on level 8 of the Dungeon)

   It affects your strength (+7).
   It affects your accuracy and damage with ranged weapons and melee attacks
   (+4).
   It greatly protects you from cold.
   It makes you less stealthy.
   If you remove this armour, your AC will fall 2 points (29 -> 27) It has a
   curse placed upon it.
 Y - a +2 buckler (worn)
Jewellery
 e - an uncursed ring of protection from cold
 u - an uncursed ring of fire
 A - a ring of poison resistance (left hand)
 D - an uncursed ring of ice
 G - the cursed ring "Giheczeyti" {+Inv rN++ Dex-4 Slay-2 Stlth+}
   (You found it on level 12 of the Dungeon)

   [ring of dexterity]

   It affects your dexterity (-4).
   It affects your accuracy and damage with ranged weapons and melee attacks
   (-2).
   It greatly protects you from negative energy.
   It lets you turn invisible.
   It makes you more stealthy.
   It has a curse placed upon it.
 P - a cursed amulet of magic regeneration (around neck)
 S - a +4 ring of protection (right hand)
 Z - an uncursed ring of resist corrosion
Wands
 o - a wand of acid (20)
 q - a wand of iceblast (9)
 B - a wand of flame (58)
 J - a wand of digging (3)
 L - a wand of polymorph (28)
 M - a wand of paralysis (11)
 R - a wand of scattershot (12)
 V - a wand of disintegration (8)
Scrolls
 b - 3 scrolls of holy word
 c - a scroll of fear
 r - 7 scrolls of teleportation
 t - 2 scrolls of silence
 Q - 4 scrolls of remove curse
 U - 4 scrolls of blinking
Potions
 i - 2 potions of heal wounds
 j - a potion of berserk rage
 k - 7 potions of haste
 l - 2 potions of mutation
 m - 3 potions of lignification
 n - 7 potions of curing
 s - 6 potions of ambrosia
 C - a potion of flight
 F - a potion of agility {unknown}
 K - 2 potions of might
 T - 3 potions of resistance
 W - a potion of magic {unknown}
Comestibles
 d - 40 rations
 g - 3 chunks of flesh


   Skills:
 - Level 2.2 Fighting
 + Level 8.3(9.7) Short Blades
 * Level 7.1(8.6) Long Blades
 - Level 5.0 Throwing
 * Level 1.1 Armour
 * Level 11.9(14.2) Dodging
 + Level 6.5(9.2) Stealth
 * Level 1.1 Shields
 * Level 19.1 Spellcasting
 + Level 9.2 Conjurations
 + Level 2.6 Hexes
 * Level 1.0 Charms
   Level 1.1 Summonings
 * Level 1.2 Necromancy
 * Level 10.2 Translocations
 + Level 5.7 Fire Magic
 * Level 0.5 Ice Magic
 * Level 5.4 Air Magic
 + Level 5.5 Poison Magic
 + Level 7.1 Evocations


You had 6 spell levels left.
You knew the following spells:

 Your Spells              Type           Power        Failure   Level  Hunger
a - Apportation           Tloc           ######       1%          1    None
b - Blink                 Tloc           N/A          1%          2    None
c - Mephitic Cloud        Conj/Pois/Air  ######..     1%          3    None
d - Magic Dart            Conj           ####         1%          1    None
e - Searing Ray           Conj           ######       1%          2    None
f - Conjure Flame         Conj/Fire      ######..     1%          3    None
g - Dispersal             Tloc           ######....   7%          6    ##.....
h - Dazzling Flash        Conj/Hex       ######       1%          3    None
i - Corona                Hex            #####..      1%          1    None
k - Iskenderun's Mystic   Conj/Tloc      ######..     1%          4    None
m - Deflect Missiles      Chrm/Air       #####.....   77%         6    ##.....
o - Ozocubu's Armour      Chrm/Ice       ####....     6%          3    None
r - Frozen Ramparts       Ice            ####..       7%          3    None
s - Silence               Hex/Air        #####.....   16%         5    None
v - Vampiric Draining     Necr           ####......   5%          3    None

Your spell library contained the following spells:

 Spells                   Type           Power        Failure   Level  Hunger
 Animate Skeleton         Necr           N/A          1%          1    None
 Pain                     Necr           ####         1%          1    None
 Summon Small Mammal      Summ           ####         1%          1    None
 Slow                     Hex            #####...     1%          2    None
 Gell's Gravitas          Tloc           ######....   1%          3    None
 Portal Projectile        Hex/Tloc       ######       1%          3    None
 Freeze                   Ice            ####         2%          1    None
 Fulminant Prism          Conj/Hex       ######....   2%          4    None
 Call Imp                 Summ           ####....     3%          2    None
 Confusing Touch          Hex            #####...     3%          3    None
 Hailstorm                Conj/Ice       ######..     4%          4    None
 Cause Fear               Hex            #####.....   10%         4    None
 Animate Dead             Necr           N/A          19%         4    None
 Summon Ice Beast         Ice/Summ       ####....     22%         4    None
 Petrify                  Tmut/Erth      ####....     30%         4    None
 Metabolic Englaciation   Hex/Ice        ####......   38%         5    None
 Yara's Violent Unravell  Hex/Tmut       ####......   43%         5    None
 Agony                    Necr           ####....     45%         5    None
 Controlled Blink         Tloc           N/A          97%         8    ######.
 Disjunction              Tloc           ######....   97%         8    ######.
 Discord                  Hex            #####.....   100%        8    ######.


Dungeon Overview and Level Annotations

Branches:
Dungeon (12/15)            Temple (1/1) D:5            Lair (6/6) D:8
 Shoals (0/4) Lair:2       Spider (1/4) Lair:2        Slime (0/5) Lair:5
    Orc (2/2) D:12          IceCv (visited)
    Elf: Orc:2

Altars:
Ashenzari
Fedhas
Gozag
Ru
Vehumet
Yredelemnul
The Shining One
Beogh

Shops:
D:11 [   D:12 }   Orc:2 :

Portals:
Trove: D:11 (give 2 scrolls of acquirement)

Annotations:
Lair:6 HYDRVS's ghost, journeyman TrMo


Innate Abilities, Weirdness & Mutations

You are partially covered in iridescent scales. (AC +2)
You have an increased reservoir of magic. (+10% MP)


Message History

The orc knight is lightly wounded.
The searing ray hits the orc warrior!
The orc warrior is heavily wounded.
An orc comes into view.
The orc warrior hits you but does no damage.
The searing ray hits the orc knight!
The orc knight is moderately wounded.
The searing ray hits the orc warrior!
The orc warrior is almost dead.
You kill the orc warrior!
The orc knight hits you with a +0 great mace!
The searing ray hits the orc knight.
The orc knight is moderately wounded.
The searing ray hits the orc warrior!
You kill the orc warrior!
You finish channeling your searing ray.
An orc comes into view.
The orc knight hits you with a +0 great mace!!!
Ouch! That really hurt!
You die...

##......##
##........###,
###..^o.........
##.#o....##......
##.oo......#....#.
##.#)..#........#..
#.)h...{..#.#......
##o#).##...........
##@###o#)..........
#...#............
##.##...)).{.o..,
##.#...#.....#. ,,
#...#.###...... , ,
##.#### *#..... ,
##.## * *#....
#...# ,..o. ,,,
##.##**,,,,,... ,


You could see an orc knight, a warg, an orc warrior and 2 orcs.

Vanquished Creatures
  Jorgrun (Orc:2)
  A frost giant (IceCv)
  2 entropy weavers (Lair:4)
  A dire elephant (Lair:6)
  Nessos (Lair:5)
  Snorg (D:10)
  11 hydras
  Fannar (D:11)
  2 catoblepae (Lair:6)
  4 two-headed ogres
  An anaconda (Lair:6)
  A queen ant (Lair:4)
  A death knight (D:9)
  13 death yaks
  Nergalle (Lair:3)
  Urug (Lair:4)
  An unseen horror (D:9)
  A deep elf mage (D:9)
  2 lindwurms
  2 orc knights
  4 oklob plants (Lair:6)
  2 orb spiders
  2 wolf spiders (Spider:1)
  2 orc sorcerers (Orc:2)
  3 ugly things (D:9)
  2 cyclopes (D:11)
  3 manticores (Lair:6)
  8 elephants
  3 black mambas
  An ice statue (IceCv)
  Maggie (D:8)
  A gargoyle (D:12)
  A guardian serpent (D:12)
  9 spiny frogs
  Psyche (D:10)
  7 komodo dragons
  7 rime drakes
  3 meliai (D:12)
  16 polar bears
  5 jumping spiders (Spider:1)
  A queen bee (D:12)
  7 trolls
  3 slime creatures (D:12)
  4 dream sheep
  4 hornets
  12 blink frogs
  6 hippogriffs
  11 redbacks (Spider:1)
  12 spriggans (Lair:3)
  A tarantella (Spider:1)
  A shadow (D:11)
  2 vampires
  72 yaks
  4 basilisks
  A hungry ghost (D:8)
  3 wargs
  Edmund (D:4)
  An acid dragon (D:9)
  16 soldier ants (Lair:4)
  11 water moccasins
  21 orc warriors
  12 porcupines
  A hornet zombie (D:10)
  5 sky beasts
  3 ice beasts
  2 black bears
  2 phantoms
  7 ogres
  2 eyes of draining (D:9)
  A necrophage (D:10)
  3 boggarts (Lair:3)
  16 wolves
  4 big kobolds
  7 crocodiles
  17 bullfrogs
  2 scorpions (D:10)
  A wyvern skeleton (D:7)
  32 killer bees
  4 electric eels
  9 crimson imps
  2 bullfrog zombies
  4 quasits
  A bullfrog skeleton (D:12)
  A centaur zombie (D:12)
  8 hounds
  2 jellies
  17 orc wizards
  13 orc priests
  2 centaur skeletons
  Crazy Yiuf (D:3)
  Jessica (D:2)
  4 iguanas
  26 worker ants
  9 hell rats (Lair:2)
  A killer bee zombie (D:10)
  A hound zombie (D:11)
  A worker ant zombie (D:5)
  3 gnolls (D:5)
  A howler monkey skeleton (D:8)
  13 river rats (Lair:2)
  6 adders
  4 shadow imps
  4 oozes
  An adder skeleton (D:7)
  A worm (D:3)
  3 dart slugs
  7 leopard geckos
  63 orcs
  3 ball pythons
  3 giant cockroaches
  3 goblins
  5 hobgoblins
  15 jackals
  6 quokkas
  4 bats (D:2)
  4 frilled lizards
  13 kobolds
  2 quokka skeletons
  15 rats
  A bush (Lair:4)
  3 plants
731 creatures vanquished.

Vanquished Creatures (collateral kills)
  A soldier ant (Lair:4)
  2 killer bees (D:12)
  A worker ant (Lair:4)
4 creatures vanquished.

Vanquished Creatures (others)
  A soldier ant (Lair:4)
  A killer bee (D:12)
  A worker ant (Lair:4)
  A bush (Lair:4)
  17 fungi
  5 plants
26 creatures vanquished.

Grand Total: 761 creatures vanquished

Notes
Turn   | Place    | Note
-------+----------+-------------------------------------------
     0 | D:1      | Esekla the Deep Elf Wizard began the quest for the Orb.
     0 | D:1      | Reached XP level 1. HP: 10/10 MP: 7/7
    86 | D:1      | Reached skill level 5 in Spellcasting
   204 | D:1      | Reached XP level 2. HP: 15/15 MP: 7/10
   487 | D:1      | Learned a level 2 spell: Blink
   729 | D:1      | Reached XP level 3. HP: 19/19 MP: 9/12
   747 | D:1      | Learned a level 3 spell: Mephitic Cloud
   751 | D:1      | Learned a level 3 spell: Conjure Flame
  1350 | D:2      | Noticed Jessica
  1759 | D:3      | Found a shattered altar of Ashenzari.
  1774 | D:3      | Became a worshipper of Ashenzari the Shackled
  1834 | D:3      | Found a faded altar of an unknown god.
  1891 | D:3      | Reached skill level 6 in Spellcasting
  1891 | D:3      | Reached XP level 4. HP: 19/24 MP: 7/14
  2369 | D:2      | Found a sacrificial altar of Ru.
  2411 | D:2      | Killed Jessica
  2411 | D:2      | Reached XP level 5. HP: 27/28 MP: 6/15
  2698 | D:4      | Reached * piety under Ashenzari
  2860 | D:5      | Entered Level 5 of the Dungeon
  2880 | D:4      | Reached skill level 1 in Fire Magic
  2880 | D:4      | Reached skill level 1 in Poison Magic
  3056 | D:5      | Reached skill level 7 in Spellcasting
  3056 | D:5      | Reached skill level 1 in Air Magic
  3197 | D:5      | Reached XP level 6. HP: 25/32 MP: 12/18
  3212 | D:5      | Learned a level 1 spell: Apportation
  3215 | D:5      | Found a staircase to the Ecumenical Temple.
  3247 | Temple   | Entered the Ecumenical Temple
  3405 | D:5      | Noticed a sky beast
  3465 | D:5      | Killed a sky beast
  3465 | D:5      | Reached skill level 1 in Short Blades
  3620 | D:7      | Reached skill level 8 in Spellcasting
  3691 | D:7      | Reached XP level 7. HP: 36/36 MP: 2/20
  4123 | D:6      | Reached skill level 9 in Spellcasting
  4385 | D:4      | Reached XP level 8. HP: 41/41 MP: 20/23
  4630 | D:4      | Noticed Edmund
  4640 | D:4      | Killed Edmund
  4704 | D:4      | Reached ** piety under Ashenzari
  4724 | D:4      | Learned a level 1 spell: Corona
  4924 | D:3      | Found a runed translucent door.
  4925 | D:3      | Noticed Crazy Yiuf
  4937 | D:3      | Killed Crazy Yiuf
  5433 | D:6      | Found a radiant altar of Vehumet.
  5580 | D:6      | Gained mutation: You have sharp toenails. [potion of
                  | mutation]
  5580 | D:6      | Gained mutation: Your movements are slightly less
                  | encumbered by armour. (ER -2) [potion of mutation]
  6268 | D:7      | Reached skill level 10 in Spellcasting
  6391 | D:8      | Noticed Maggie
  6416 | D:8      | Killed Maggie
  6416 | D:8      | Reached skill level 1 in Hexes
  6514 | D:8      | Reached XP level 9. HP: 45/45 MP: 9/25
  6617 | D:8      | Found a staircase to the Lair.
  6651 | D:8      | Reached skill level 5 in Dodging
  7816 | D:8      | Noticed a two-headed ogre
  8037 | D:8      | Got the uncursed helmet of Agoraphobia {rC++ Str+7 Slay+4
                  | Stlth-}
  8048 | D:8      | Identified the +1 helmet of Agoraphobia {rC++ Str+7 Slay+4
                  | Stlth-} (You found it on level 8 of the Dungeon)
  8074 | D:8      | Found a radiant altar of Vehumet.
  8084 | D:8      | Reached skill level 11 in Spellcasting
  8139 | D:8      | Killed a two-headed ogre
  8139 | D:8      | Reached skill level 1 in Evocations
  8342 | D:9      | Reached *** piety under Ashenzari
  8548 | D:9      | Reached skill level 12 in Spellcasting
  8637 | D:9      | Noticed a troll
  8666 | D:9      | Killed a troll
  8666 | D:9      | Reached XP level 10. HP: 50/50 MP: 14/28
  8752 | D:9      | Noticed a two-headed ogre
  8776 | D:9      | Killed a two-headed ogre
  8856 | D:10     | Entered Level 10 of the Dungeon
  8873 | D:10     | Found an opulent altar of Gozag.
  9138 | D:10     | Reached skill level 5 in Conjurations
  9255 | D:10     | Reached skill level 5 in Translocations
  9255 | D:10     | Reached skill level 5 in Evocations
  9340 | D:10     | Reached skill level 13 in Spellcasting
  9353 | D:10     | Identified the cursed +1 battleaxe of Pestilence {freeze,
                  | rC++}
  9493 | D:10     | Reached skill level 5 in Short Blades
  9556 | D:10     | Noticed Snorg
  9568 | D:10     | Killed Snorg
  9568 | D:10     | Reached XP level 11. HP: 52/54 MP: 24/30
  9685 | D:10     | Noticed Psyche
  9695 | D:10     | Killed Psyche
 10006 | D:11     | Noticed Fannar
 10024 | D:11     | Killed Fannar
 10644 | D:11     | Found Titimmul's Antique Armour Shoppe.
 10917 | D:11     | Found a portal to a secret trove of treasure.
 11032 | D:9      | Reached skill level 14 in Spellcasting
 11214 | D:9      | Identified the +8 hand axe "Wicvacu" {elec, Str+5}
 11280 | D:9      | Noticed an unseen horror
 11280 | D:9      | Noticed a death knight
 11294 | D:9      | Killed an unseen horror
 11303 | D:9      | Noticed a deep elf mage
 11320 | D:9      | Noticed a brown ugly thing
 11321 | D:9      | Killed a deep elf mage
 11321 | D:9      | Noticed a cyan ugly thing
 11330 | D:9      | Killed a death knight
 11333 | D:9      | Noticed a white ugly thing
 11335 | D:9      | Killed a brown ugly thing
 11352 | D:9      | Killed a brown ugly thing
 11360 | D:9      | Killed a white ugly thing
 11370 | D:9      | Noticed a six-headed hydra
 11568 | D:9      | Killed a six-headed hydra
 11568 | D:9      | Reached XP level 12. HP: 38/59 MP: 25/32
 11646 | D:9      | Noticed a two-headed ogre
 11660 | D:9      | Killed a two-headed ogre
 11699 | D:9      | Found the +6 lightning scales {run, rElec}
 11755 | D:9      | Reached skill level 5 in Fire Magic
 11763 | D:9      | Reached skill level 15 in Spellcasting
 12040 | D:8      | Reached skill level 5 in Poison Magic
 12066 | D:8      | Noticed a three-headed hydra
 12080 | D:8      | Killed a three-headed hydra
 12588 | Lair:1   | Entered Level 1 of the Lair of Beasts
 12614 | Lair:1   | Reached **** piety under Ashenzari
 13372 | Lair:1   | Reached skill level 1 in Long Blades
 13721 | Lair:1   | Identified the +5 ring mail of Minor Irritation {-Cast
                  | rElec rF+++ rN+}
 14192 | Lair:1   | Reached skill level 1 in Throwing
 14340 | Lair:1   | Reached skill level 16 in Spellcasting
 14493 | Lair:2   | Noticed a death yak
 14541 | Lair:2   | Noticed a death yak
 14541 | Lair:2   | Noticed a death yak
 14541 | Lair:2   | Noticed a death yak
 14543 | Lair:2   | Noticed a death yak
 14543 | Lair:2   | Noticed a death yak
 14575 | Lair:1   | Killed a death yak
 14590 | Lair:1   | Killed a death yak
 14978 | Lair:3   | Reached ***** piety under Ashenzari
 15254 | Lair:2   | Learned a level 2 spell: Searing Ray
 15262 | Lair:2   | Learned a level 6 spell: Dispersal
 15266 | Lair:2   | Learned a level 3 spell: Dazzling Flash
 15573 | Lair:2   | Killed a death yak
 15574 | Lair:2   | Killed a death yak
 15652 | Lair:2   | Reached XP level 13. HP: 63/63 MP: 33/35
 15681 | Lair:2   | Found a hole to the Spider Nest.
 16780 | Lair:2   | Found a staircase to the Shoals.
 17380 | Lair:4   | Reached skill level 17 in Spellcasting
 17495 | Lair:4   | Noticed an entropy weaver
 17496 | Lair:4   | Noticed an entropy weaver
 17498 | Lair:4   | Reached skill level 5 in Stealth
 17673 | Lair:4   | Killed an entropy weaver
 17838 | Lair:4   | Killed an entropy weaver
 18276 | Lair:4   | Noticed Urug
 18295 | Lair:4   | Killed Urug
 19149 | Spider:1 | Entered Level 1 of the Spider Nest
 19299 | Spider:1 | Reached XP level 14. HP: 41/68 MP: 33/37
 19672 | Lair:3   | Noticed Nergalle
 19690 | Lair:3   | Killed Nergalle
 19690 | Lair:3   | Reached skill level 10 in Dodging
 20231 | D:12     | Found a frozen archway.
 20242 | D:12     | Lost mutation: You have sharp toenails. [potion of
                  | mutation]
 20242 | D:12     | Lost mutation: Your movements are slightly less encumbered
                  | by armour. (ER -2) [potion of mutation]
 20242 | D:12     | Gained mutation: You are partially covered in iridescent
                  | scales. (AC +2) [potion of mutation]
 20242 | D:12     | Gained mutation: You have an increased reservoir of magic.
                  | (+10% MP) [potion of mutation]
 20377 | IceCv    | Entered an ice cave
 20859 | IceCv    | Reached skill level 5 in Throwing
 21011 | IceCv    | Reached skill level 5 in Long Blades
 21576 | IceCv    | Noticed a frost giant
 21617 | IceCv    | Killed a frost giant
 22343 | D:12     | Reached skill level 1 in Fighting
 22444 | D:12     | Found Soankyt's Gadget Shop.
 22470 | D:12     | Bought a wand of digging (4) for 208 gold pieces
 22662 | D:12     | Found a roughly hewn altar of Beogh.
 22676 | D:12     | Found a staircase to the Orcish Mines.
 22810 | D:12     | Identified the cursed ring "Giheczeyti" {+Inv rN++ Dex-4
                  | Slay-2 Stlth+}
 23351 | Lair:4   | Reached skill level 18 in Spellcasting
 23522 | Lair:5   | Learned a level 3 spell: Vampiric Draining
 23579 | Lair:5   | Noticed Nessos
 23589 | Lair:5   | Killed Nessos
 23603 | Lair:5   | Found a staircase to the Slime Pits.
 23853 | Lair:6   | Entered Level 6 of the Lair of Beasts
 25460 | Lair:5   | Reached skill level 5 in Air Magic
 25565 | Lair:6   | Reached XP level 15. HP: 46/74 MP: 40/43
 26307 | Lair:6   | Found a runed translucent door.
 26307 | Lair:6   | Noticed HYDRVS's ghost (journeyman TrMo)
 28358 | Lair:6   | Reached skill level 19 in Spellcasting
 28585 | Lair:6   | Reached skill level 10 in Translocations
 28878 | Lair:5   | Upgraded the game from 0.25-a0-478-g33c61bdccf to
                  | 0.25-a0-479-g8579842fd4
 29064 | Orc:1    | Entered Level 1 of the Orcish Mines
 29388 | Orc:1    | Learned a level 4 spell: Iskenderun's Mystic Blast
 29583 | Orc:2    | Entered Level 2 of the Orcish Mines
 29583 | Orc:2    | Found a roughly hewn altar of Beogh.
 29661 | Orc:2    | Noticed Jorgrun
 29926 | Orc:2    | Found a roughly hewn altar of Beogh.
 30137 | Orc:2    | Found a roughly hewn altar of Beogh.
 30164 | Orc:2    | Found Baffi Ebb's Book Boutique.
 30170 | Orc:2    | Bought a book of Enchantments for 700 gold pieces
 30170 | Orc:2    | Bought a book of Frost for 490 gold pieces
 30174 | Orc:2    | Learned a level 3 spell: Ozocubu's Armour
 30180 | Orc:2    | Learned a level 5 spell: Silence
 30187 | Orc:2    | Learned a level 6 spell: Deflect Missiles
 30191 | Orc:2    | Learned a level 3 spell: Frozen Ramparts
 30244 | Orc:2    | Killed Jorgrun
 30244 | Orc:2    | Reached skill level 1 in Shields
 30335 | Orc:2    | Reached skill level 1 in Armour
 30359 | Orc:2    | Reached skill level 1 in Charms
 30367 | Orc:2    | Reached skill level 1 in Necromancy
 30381 | Orc:2    | Demolished by an orc knight

Levels and vault maps discovered:
D:1:      erik_arrival_gehennom, layout_basic
D:2:      layout_basic, first_ration, nicolae_ru_great_annihilating_truth,
          uniq_jessica
D:3:      layout_loops_ring, old_standard_altar,
          chequers_ecumenical_altar_simple_redux, uniq_crazy_yiuf_cottage
D:4:      layout_loops_ring, uniq_edmund
D:5:      layout_rooms, minmay_temple_entry_butterflies,
          guppyfry_early_lair_pool
D:6:      minmay_polygon_palace, layout_cave_pools, basic_altar,
          minmay_microvault
D:7:      layout_loops_ring
D:8:      statuecave_lemuel, layout_loops_ring, dpeg_oklobed_lair,
          hangedman_ranch [blue_anna_fruit_fields], kennysheep_small_circle,
          uniq_maggie
D:9:      layout_roguey, minmay_the_grid_2x2 [minmay_the_grid_tiny_cups,
          minmay_the_grid_pillar_ring, minmay_the_grid_outer_diamond,
          minmay_the_grid_prize_four_corners_diamond_b]
D:10:     layout_loops_ring, basic_altar, nrook_loot_triangle, uniq_snorg,
          uniq_psyche
D:11:     layout_loops_ring, serial_shops, shop, nicolae_trove_entry_diagonal,
          uniq_fannar
D:12:     layout_roguey [special_room_bee], david_orc_5,
          portal_ice_cave_entry_pillars_2, serial_shops, shop,
          nrook_guardian_serpent_double
Temple:   nicolae_temple_the_god_donut
Lair:1:   layout_gridlike, special_room, beast_lair_carwin_4,
          grunt_megastairs_4, serial_bayou_shore_a
Lair:2:   lemuel_ratsnest, layout_chaotic_city, shoals_dummy_entry,
          nicolae_spider_entry_orb_guardian, chequers_serial_rivers_micro_c,
          chequers_serial_rivers_micro_e, minmay_stone_trees_small,
          serial_bayou_shore_b, serial_bayou_shore_b, grunt_megastairs_2,
          infiniplex_staircase_pool
Lair:3:   kb_forest_paths, layout_layer_cave, uniq_nergalle
Lair:4:   layout_loops_ring, columned_hall_lemuel, zaba_anthell, uniq_urug
Lair:5:   beast_lair_carwin_large_3, layout_gridlike, slime_dummy,
          infiniplex_staircase_pool_2, uniq_nessos
Lair:6:   hangedman_lair_in_review, layout_gridlike, ebering_ghost_inner_flame,
          hangedman_lair_generics_rect, lemuel_fruit_tree,
          minmay_lair_oklob_chamber, serial_bayou_shore_b
Spider:1: layout_chambers, drop_trap
Orc:1:    layout_caves
Orc:2:    grunt_orc_community_town_hall, layout_caves,
          grunt_orc_community_big_house_2, grunt_orc_community_big_house_2,
          grunt_orc_community_house_1, grunt_orc_community_house_1,
          grunt_orc_community_house_3, grunt_orc_community_house_3,
          grunt_orc_community_house_3, basic_altar, uniq_jorgrun

Skill      XL: |  1  2  3  4  5  6  7  8  9 10 11 12 13 14 15 |
---------------+----------------------------------------------+-----
Spellcasting   | 5 6 7 8 9 10 12 13 14 16 17 18 19 | 19.1
Dodging        | 3 4 5 6 7 8 9 11 | 11.9
Conjurations   | 2 3 4 5 6 7 8 9 |  9.2
Fire Magic     | 1 2 3 4 5 |  5.7
Poison Magic   | 1 2 3 4 5 |  5.5
Translocations | 2 3 4 5 6 7 9 10 | 10.2
Air Magic      | 1 2 3 4 5 |  5.4
Short Blades   | 1 2 3 5 7 8 |  8.3
Hexes          | 1 2 |  2.6
Stealth        | 3 5 6 |  6.5
Evocations     | 2 5 6 7 |  7.1
Long Blades    | 2 4 6 7 |  7.1
Throwing       | 1 4 5 |  5.0
Fighting       | 1 2 |  2.2
Shields        | 1 |  1.1
Armour         | 1 |  1.1
Charms         | 1 |  1.0
Necromancy     | 1 |  1.2
Summonings     | |  1.1
Ice Magic      | |  0.5

Action                   |  1- 3 |  4- 6 |  7- 9 | 10-12 | 13-15 || total
-------------------------+-------+-------+-------+-------+-------++-------
Melee: Unarmed           |     5 |       |       |       |       ||     5
       Dagger            |     3 |    47 |   135 |   496 |   433 ||  1114
       Kick              |       |       |    18 |   157 |    76 ||   251
       Falchion          |       |       |       |       |   159 ||   159
       Long sword        |       |       |       |       |     3 ||     3
       Great sword       |       |       |       |       |     2 ||     2
Throw: Dart              |       |    18 |    41 |   189 |   127 ||   375
 Cast: Magic Dart        |    96 |    73 |   154 |   223 |   129 ||   675
       Blink             |     1 |     7 |    14 |    22 |    27 ||    71
       Conjure Flame     |     1 |     2 |    22 |    33 |    26 ||    84
       Mephitic Cloud    |       |     8 |    21 |    41 |    68 ||   138
       Apportation       |       |       |    10 |    18 |    25 ||    53
       Corona            |       |       |       |     3 |       ||     3
       Searing Ray       |       |       |       |     3 |   196 ||   199
       Iskenderun's Myst |       |       |       |       |     3 ||     3
       Ozocubu's Armour  |       |       |       |       |     1 ||     1
       Dispersal         |       |       |       |       |     1 ||     1
Invok: Curse Item        |       |       |     4 |     2 |     1 ||     7
Evoke: Wand              |       |       |       |       |     4 ||     4
  Use: Scroll            |     7 |     2 |    11 |    14 |    11 ||    45
       Potion            |       |       |     1 |     4 |    11 ||    16
 Stab: Sleeping          |     1 |     2 |     9 |     2 |    13 ||    27
       Confused          |       |     2 |     3 |    15 |    19 ||    39
       Paralysed         |       |     1 |       |       |       ||     1
       Distracted        |       |       |       |       |     1 ||     1
       Petrified         |       |       |       |       |     1 ||     1
  Eat: Chunk             |     1 |     4 |     8 |    13 |    35 ||    61
       Ration            |       |     1 |     2 |     3 |     3 ||     9
Armor: Robe              |     4 |    15 |    28 |       |    35 ||    82
       Steam dragon scal |       |       |    12 |    83 |   197 ||   292
       Troll leather arm |       |       |       |       |    18 ||    18
Dodge: Dodged            |    21 |    41 |    72 |   231 |   664 ||  1029
Block: Buckler           |       |       |       |       |    19 ||    19
       Rpst.: Falchion   |       |       |       |       |    93 ||    93
       Long sword        |       |       |       |       |     9 ||     9

Table legend:
 A = Non-vault XP
 B = Vault XP
 C = Vault XP percentage of total XP
 D = Non-vault monster count
 E = Vault monster count
 F = Vault count percentage of total count
                 A         B        C        D         E       F
            +---------+---------+-------+---------+---------+-------
      Total |   60548 |   73162 |  54.7 |     414 |     320 |  43.6
            +---------+---------+-------+---------+---------+-------
        D:1 |      49 |      18 |  26.9 |      23 |       5 |  17.9
        D:2 |      32 |      84 |  72.4 |      14 |       5 |  26.3
        D:3 |      23 |      39 |  62.9 |       5 |       1 |  16.7
        D:4 |     146 |     171 |  53.9 |       9 |       1 |  10.0
        D:5 |     305 |      14 |   4.4 |       8 |       1 |  11.1
        D:6 |     356 |     456 |  56.2 |       7 |       7 |  50.0
        D:7 |     754 |       0 |   0.0 |      20 |       0 |   0.0
        D:8 |    3124 |    3014 |  49.1 |      36 |      11 |  23.4
        D:9 |    5020 |    5555 |  52.5 |      39 |      16 |  29.1
       D:10 |    4337 |    1544 |  26.3 |      35 |       2 |   5.4
       D:11 |    2476 |     965 |  28.0 |      16 |       1 |   5.9
       D:12 |    4800 |    3022 |  38.6 |      25 |      47 |  65.3
     Temple |      50 |       0 |   0.0 |       1 |       0 |   0.0
     Lair:1 |    4571 |    1237 |  21.3 |      20 |       7 |  25.9
     Lair:2 |    5703 |    1045 |  15.5 |      19 |      38 |  66.7
     Lair:3 |    4463 |    6678 |  59.9 |      16 |      23 |  59.0
     Lair:4 |    3098 |    7680 |  71.3 |      10 |      43 |  81.1
     Lair:5 |    5907 |    6950 |  54.1 |      14 |      13 |  48.1
     Lair:6 |    4070 |   18925 |  82.3 |      13 |      36 |  73.5
   Spider:1 |    5913 |       0 |   0.0 |      20 |       0 |   0.0
      Orc:1 |    2127 |       0 |   0.0 |      22 |       0 |   0.0
      Orc:2 |    3224 |    4409 |  57.8 |      42 |      12 |  22.2
      IceCv |       0 |   11356 | 100.0 |       0 |      51 | 100.0
            +---------+---------+-------+---------+---------+-------
